 Dungeon Crawl Stone Soup version 0.30-a0-743-gbfdf073431 (webtiles) character file.

Game seed: 13380976759829804492

11 sircluck the Magician (level 2, -1/15 HPs)
             Began as a Deep Elf Hedge Wizard on Feb 6, 2023.
             Frozen to death by an endoplasm (2 damage)
             ... on level 2 of the Dungeon.
             The game lasted 00:01:42 (409 turns).

sircluck the Magician (Deep Elf Hedge Wizard)        Turns: 409, Time: 00:01:43

Health: -1/15      AC:  6    Str:  7    XL:     2   Next: 17%
Magic:  10/10      EV: 12    Int: 18    God:
Gold:   41         SH:  0    Dex: 14    Spells: 10/11 levels left

rFire   . . .      SeeInvis .    a - +0 dagger
rCold   . . .      Faith    .    (no shield)
rNeg    . . .      Spirit   .    b - +0 robe
rPois   .          Reflect  .    c - +0 hat
rElec   .          Harm     .    (no cloak)
rCorr   .          Rampage  .    (no gloves)
Will    .....                    (no boots)
Stlth   ++                       (no amulet)
HPRegen 0.22/turn                i - ring of flight
MPRegen 0.12/turn                h - +4 ring of protection

@: lethally poisoned (-1 -> -7), flying
A: no striking features
a: no special abilities


You were on level 2 of the Dungeon.
You visited 1 branch of the dungeon, and saw 2 of its levels.

You collected 41 gold pieces.

Inventory:

Hand Weapons
 a - a +0 dagger (weapon)
Missiles
 e - 8 stones
Armour
 b - a +0 robe (worn)
 c - a +0 hat (worn)
Jewellery
 h - a +4 ring of protection (right hand)
 i - a ring of flight (left hand)
Potions
 d - 3 potions of magic
 f - 2 potions of brilliance {unknown}
 g - a potion of might {unknown}


   Skills:
 + Level 2.4 Dodging
 + Level 2.4 Stealth
 + Level 5.2 Spellcasting
 + Level 1.1 Conjurations
 + Level 1.1 Summonings
 + Level 1.1 Translocations


You had 10 spell levels left.
You knew the following spells:

 Your Spells              Type           Power      Damage    Failure   Level
a - Magic Dart            Conj           32%        1d4       9%          1

Your spell library contained the following spells:

 Spells                   Type           Power      Damage    Failure   Level
 Slow                     Hex            16%        N/A       13%         1
 Blink                    Tloc           16%        N/A       13%         2
 Call Imp                 Summ           8%         N/A       13%         2
 Cigotuvi's Dreadful Rot  Necr/Pois/Air  8%         N/A       21%         2
 Mephitic Cloud           Conj/Pois/Air  6%         N/A       32%         3
 Animate Dead             Necr           4%         N/A       78%         4
 Haunt                    Necr/Summ      3%         N/A       100%        7
 Infestation              Necr           2%         N/A       100%        8


Dungeon Overview and Level Annotations

Branches:
Dungeon (1/15)

Altars:
Sif Muna


Message History

A goblin comes into view. It is wielding a +0 vampiric dagger.
The goblin shouts!
A dart slug comes into view.
The adder bites you.
You are poisoned.
The adder poisons you!
You miss the adder.
You feel sick. The adder closely misses you.
The dart slug briefly extends its eye-stalks.
You hit the adder.
The adder is lightly wounded.
You feel sick. The adder barely misses you. The endoplasm freezes you.
You are frozen.
You closely miss the adder.
The adder is lightly wounded.
You feel sick. The adder barely misses you. The endoplasm freezes you.
You are frozen.
* * * LOW HITPOINT WARNING * * *
The frilled lizard closely misses you.
You miss the adder.
The adder is lightly wounded.
* * * LOW HITPOINT WARNING * * *
You feel sick.
You are no longer poisoned.
The adder misses you. The adder barely misses you.
The goblin barely misses you. The frilled lizard misses you.
The endoplasm jiggles.
The endoplasm completely misses you.
You closely miss the adder.
The adder is lightly wounded.
The adder bites you.
* * * LOW HITPOINT WARNING * * *
You are lethally poisoned!
The adder poisons you!
The frilled lizard bites you but does no damage.
The goblin hits you but does no damage. The endoplasm freezes you.
You are frozen.
You die...

# #.......#
#.###.#.....#
#.....#######
####..# #..#
#..# #.?###
######.J..#
......l@..#
.......Sg......
.....w..####...
........# ..
......... .
#.....:..
#........
#.........


You could see an adder, a dart slug, an endoplasm, a goblin and a frilled
lizard.

Vanquished Creatures
  A ball python (D:1)
  An endoplasm (D:1)
  A giant cockroach (D:2)
  A goblin (D:1)
  A hobgoblin (D:1)
  A bat (D:1)
  4 frilled lizards (D:1)
  2 rats
12 creatures vanquished.

Notes
Turn   | Place    | Note
-------+----------+-------------------------------------------
     0 | D:1      | sircluck the Deep Elf Hedge Wizard began the quest for the
                  | Orb.
     0 | D:1      | Reached XP level 1. HP: 10/10 MP: 7/7
   217 | D:1      | Reached skill level 5 in Spellcasting
   351 | D:1      | Reached XP level 2. HP: 14/15 MP: 10/10
   356 | D:1      | You are sucked into a shaft and drop 1 floor!
   360 | D:2      | Found a shimmering blue altar of Sif Muna.
   409 | D:2      | Frozen to death by an endoplasm

Illustrated notes

Levels and vault maps discovered:
D:1:      elethiomel_arrival_quiet, layout_basic, grunt_decor_junction,
          minmay_crystal_room, minmay_misc_feat_square, corner_web_ring,
          minmay_misc_feat_secret_circle, minmay_misc_feat_columns
D:2:      layout_basic, basic_altar

Skill      XL: |  1 |
---------------+----+-----
Spellcasting   | 5 |  5.2
Dodging        | |  2.4
Stealth        | |  2.4
Conjurations   | |  1.1
Summonings     | |  1.1
Translocations | |  1.1

Action                     || total
---------------------------++-------
  Melee: Dagger            ||    28
         Punch             ||     2
   Cast: Magic Dart        ||    20
 Armour: Robe              ||    20
  Dodge: Dodged            ||    29

Table legend: (Time is in decaauts)
 A = Elapsed time spent in this place.
 B = Non-inter-level travel time spent in this place.
 C = Inter-level travel time spent in this place.
 D = Time resting spent in this place.
 E = Time spent auto-exploring this place.
 F = Levels seen in this place.
 G = Mean time per level.
                   A        B        C        D        E       F      G
               +--------+--------+--------+--------+--------+-----+--------+
         Total |    407 |    407 |      0 |      0 |    109 |   2 |  203.5 |
       Dungeon |    407 |    407 |      0 |      0 |    109 |   2 |  203.5 |
               +--------+--------+--------+--------+--------+-----+--------+

Top non-repeatable levels by time:
     D:1: 355 daAuts
     D:2: 52 daAuts
